3280 views
Uploaded 2020-04-22 18:22:10
Game version 1.32.3
7:37 long 2on2 ladder game on (4)FurbolgMountain
Saved by zebroni
3280 views
Uploaded 2020-04-22 18:22:10
Game version 1.32.3
7:37 long 2on2 ladder game on (4)FurbolgMountain
41 units @ 3.7k
/ 0.2k
24 buildings @ 3.9k
/ 1.6k

| Healing Salve | 1 | 100 |
| Lesser Clarity Potion | 1 | 70 |
| total: | 2 | 170g |
| Peon | 11 | 825 | / | 0 |
| Troll Headhunter | 8 | 1120 | / | 160 |
| total: | 19 | 1945g | / | 160w |
| Watch Tower | 1 | 110 | / | 80 |
| Altar of Storms | 1 | 180 | / | 50 |
| Orc Burrow | 5 | 800 | / | 200 |
| Voodoo Lounge | 1 | 130 | / | 30 |
| Barracks | 2 | 360 | / | 100 |
| War Mill | 1 | 205 | / | 0 |
| Spirit Lodge | 1 | 150 | / | 150 |
| Stronghold | 1 | 315 | / | 190 |
| total: | 12 | 1935g | / | 610w |
| 0:03 | Peon |
| 0:03 | Peon |
| 0:09 | Altar of Storms |
| 0:12 | Orc Burrow |
| 0:14 | Peon |
| 0:34 | Voodoo Lounge |
| 0:43 | Peon |
| 0:51 | Peon |
| 0:59 | Peon |
| 1:20 | Peon |
| 1:24 | Orc Burrow |
| 1:45 | Peon |
| 1:48 | Barracks |
| 1:53 | Peon |
| 2:07 | Peon |
| 2:15 | Healing Salve |
| 2:18 | Lesser Clarity Potion |
| 2:24 | Wind Walk |
| 2:31 | Peon |
| 2:39 | War Mill |
| 4:02 | Barracks |
| 4:03 | Stronghold |
| 4:04 | Troll Headhunter |
| 4:05 | Troll Headhunter |
| 4:13 | Watch Tower |
| 4:23 | Troll Headhunter |
| 4:42 | Troll Headhunter |
| 5:00 | Troll Headhunter |
| 6:09 | Orc Burrow |
| 6:11 | Orc Burrow |
| 6:30 | Spirit Lodge |
| 6:36 | Orc Burrow |
| 6:47 | Mirror Image |
| 6:54 | Troll Regeneration |
| 7:28 | Troll Headhunter |
| 7:28 | Troll Headhunter |
| 7:28 | Troll Headhunter |

| Wisp | 19 | 1140 | / | 0 |
| Huntress | 3 | 585 | / | 60 |
| total: | 22 | 1725g | / | 60w |
| Ancient Protector | 2 | 270 | / | 160 |
| Altar of Elders | 1 | 180 | / | 50 |
| Moon Well | 4 | 720 | / | 160 |
| Ancient of War | 1 | 150 | / | 60 |
| Hunter's Hall | 1 | 210 | / | 100 |
| Ancient of Lore | 3 | 465 | / | 435 |
| Tree of Ages | 1 | 320 | / | 180 |
| total: | 12 | 1995g | / | 965w |
| 0:02 | Wisp |
| 0:02 | Wisp |
| 0:11 | Altar of Elders |
| 0:17 | Moon Well |
| 0:18 | Wisp |
| 0:18 | Wisp |
| 0:31 | Wisp |
| 0:40 | Wisp |
| 0:40 | Wisp |
| 1:15 | Wisp |
| 1:39 | Wisp |
| 1:39 | Wisp |
| 2:02 | Ancient of War |
| 2:05 | Hunter's Hall |
| 2:10 | Moon Well |
| 2:11 | Wisp |
| 2:19 | Entangling Roots |
| 2:44 | Wisp |
| 3:05 | Tree of Ages |
| 3:24 | Huntress |
| 3:29 | Ultravision |
| 3:32 | Moon Well |
| 3:56 | Huntress |
| 4:18 | Ancient Protector |
| 4:25 | Huntress |
| 4:30 | Ancient Protector |
| 5:45 | Wisp |
| 5:45 | Wisp |
| 5:45 | Wisp |
| 5:47 | Ancient of Lore |
| 5:49 | Ancient of Lore |
| 6:15 | Wisp |
| 6:15 | Wisp |
| 6:32 | Moon Well |
| 6:55 | Ancient of Lore |
| 7:12 | Wisp |
| 7:12 | Wisp |
36 units @ 3.3k
/ 0.1k
25 buildings @ 3.3k
/ 1k

| Wisp | 11 | 660 | / | 0 |
| Archer | 8 | 1040 | / | 80 |
| total: | 19 | 1700g | / | 80w |
| Altar of Elders | 1 | 180 | / | 50 |
| Moon Well | 6 | 1080 | / | 240 |
| Ancient of War | 3 | 450 | / | 180 |
| Ancient of Wonders | 1 | 90 | / | 30 |
| total: | 11 | 1800g | / | 500w |
| 0:02 | Wisp |
| 0:15 | Wisp |
| 0:17 | Altar of Elders |
| 0:28 | Wisp |
| 0:31 | Moon Well |
| 0:43 | Wisp |
| 0:53 | Ancient of War |
| 0:58 | Wisp |
| 1:13 | Wisp |
| 1:28 | Wisp |
| 1:33 | Moon Well |
| 1:49 | Ancient of Wonders |
| 1:52 | Wisp |
| 2:08 | Ancient of War |
| 2:09 | Ancient of War |
| 2:17 | Wisp |
| 2:20 | Wisp |
| 2:24 | Mana Burn |
| 2:32 | Archer |
| 2:44 | Archer |
| 3:05 | Archer |
| 3:16 | Archer |
| 3:31 | Archer |
| 4:18 | Backpack |
| 4:19 | Moon Well |
| 4:21 | Archer |
| 5:43 | Archer |
| 6:03 | Moon Well |
| 6:28 | Moon Well |
| 6:29 | Moon Well |
| 6:34 | Wisp |
| 7:27 | Archer |


| Lesser Clarity Potion | 2 | 140 |
| Scroll of Regeneration | 1 | 100 |
| Ivory Tower | 2 | 80 |
| Potion of Healing | 1 | 150 |
| Dust of Appearance | 1 | 75 |
| total: | 7 | 545g |
| Peasant | 12 | 900 | / | 0 |
| Footman | 4 | 540 | / | 0 |
| Rifleman | 1 | 205 | / | 30 |
| total: | 17 | 1645g | / | 30w |
| Scout Tower | 1 | 30 | / | 20 |
| Arcane Tower | 1 | 70 | / | 50 |
| Guard Tower | 1 | 70 | / | 50 |
| Altar of Kings | 1 | 180 | / | 50 |
| Barracks | 1 | 160 | / | 60 |
| Farm | 6 | 480 | / | 120 |
| Blacksmith | 1 | 140 | / | 60 |
| Arcane Vault | 2 | 260 | / | 60 |
| Lumber Mill | 1 | 120 | / | 0 |
| Arcane Sanctum | 1 | 150 | / | 140 |
| Keep | 1 | 320 | / | 210 |
| total: | 14 | 1520g | / | 510w |
| 0:01 | Peasant |
| 0:02 | Peasant |
| 0:05 | Altar of Kings |
| 0:18 | Barracks |
| 0:29 | Peasant |
| 0:32 | Farm |
| 0:46 | Peasant |
| 0:48 | Farm |
| 0:52 | Peasant |
| 1:00 | Peasant |
| 1:20 | Footman |
| 1:29 | Peasant |
| 1:37 | Footman |
| 1:50 | Farm |
| 1:52 | Peasant |
| 2:11 | Summon Water Elemental |
| 2:12 | Peasant |
| 2:12 | Peasant |
| 2:28 | Footman |
| 2:46 | Peasant |
| 2:46 | Peasant |
| 3:06 | Brilliance Aura |
| 3:08 | Keep |
| 3:19 | Scout Tower |
| 3:35 | Blacksmith |
| 3:54 | Lesser Clarity Potion |
| 3:54 | Dust of Appearance |
| 4:15 | Farm |
| 4:16 | Arcane Tower |
| 4:24 | Footman |
| 4:27 | Arcane Vault |
| 4:30 | Arcane Vault |
| 5:09 | Rifleman |
| 5:43 | Arcane Sanctum |
| 5:46 | Summon Water Elemental |
| 6:21 | Farm |
| 6:26 | Scroll of Regeneration |
| 6:26 | Lesser Clarity Potion |
| 6:31 | Ivory Tower |
| 6:31 | Ivory Tower |
| 6:34 | Potion of Healing |
| 6:34 | Storm Bolt |
| 6:41 | Farm |
| 6:45 | Lumber Mill |
| 7:34 | Guard Tower |
⇛